BSA
JERSEY SHORE D-BAGS @ ST. LOUIS BROWNS
07/11/2030
 
TOP OF THE 1ST
Jersey Shore D-Bags batting - Pitching for St. Louis Browns : LHP José Garza
Pitching: LHP José Garza
Batting: RHB Ricardo González 0-0: Ball
1-0: Ball
2-0: Fly out, F4 (Flyball, 4MD)
Batting: RHB Mike Ingram 0-0: Called Strike
0-1: Ball
1-1: SINGLE (Line Drive, 8LS)
Batting: RHB Miguel Serna 0-0: Ball
1-0: Ball
2-0: Fly out, F8 (Flyball, 89M)
Batting: LHB Dave Dodd 0-0: Ball
1-0: Ball
2-0: Ball
3-0: Called Strike
3-1: Foul Ball, location: 2F
3-2: Strikes out swinging
Top of the 1st over - 0 runs, 1 hit, 0 errors, 1 left on base; Jersey Shore 0 - St. Louis 0
BOTTOM OF THE 1ST
St. Louis Browns batting - Pitching for Jersey Shore D-Bags : RHP Alex Stanford
Pitching: RHP Alex Stanford
Batting: RHB Javier Martínez 0-0: Foul Ball, location: 2F
0-1: Ball
1-1: Ball
2-1: Ground out 4-3 (Groundball, 4)
Batting: RHB Pepe Carrasco 0-0: Ball
1-0: Foul Ball, location: 2F
1-1: Swinging Strike
1-2: Foul Ball, location: 2F
1-2: Ball
2-2: Ball
3-2: Strikes out looking
Batting: LHB Mike Hill 0-0: Ball
1-0: Foul Ball, location: 2F
1-1: Ground out 5-3 (Groundball, 56)
Bottom of the 1st over - 0 runs, 0 hits, 0 errors, 0 left on base; Jersey Shore 0 - St. Louis 0
TOP OF THE 2ND
Jersey Shore D-Bags batting - Pitching for St. Louis Browns : LHP José Garza
Batting: RHB Ben Morton 0-0: SOLO HOME RUN (Line Drive, 7LD), Distance : 363 ft
Batting: LHB António Cedeño 0-0: Ground out 3-1 (Groundball, 34S)
Batting: RHB Francisco Sandoval 0-0: Called Strike
0-1: Called Strike
0-2: Ball
1-2: Ball
2-2: Ball
3-2: Base on Balls
Batting: LHB Juan Hernández 0-0: Ball
1-0: Fielders Choice at 2nd, 4-6 (Groundball, 34)
Batting: LHB José Delgado 0-0: Ball
1-0: Ground out 4-3 (Groundball, 4)
Top of the 2nd over - 1 run, 1 hit, 0 errors, 1 left on base; Jersey Shore 1 - St. Louis 0
BOTTOM OF THE 2ND
St. Louis Browns batting - Pitching for Jersey Shore D-Bags : RHP Alex Stanford
Batting: RHB Carlos Alfaro 0-0: Foul Ball, location: 2F
0-1: Called Strike
0-2: Ball
1-2: Foul Ball, location: 2F
1-2: Ground out 6-3 (Groundball, 6M)
Batting: LHB Norberto Muñóz 0-0: Foul Ball, location: 2F
0-1: Ball
1-1: Ground out 5-3 (Groundball, 6)
Batting: SHB Víctor Serrano 0-0: Called Strike
0-1: Foul Ball, location: 2F
0-2: Foul Ball, location: 2F
0-2: Foul Ball, location: 2F
0-2: Ball
1-2: Ground out 4-3 (Groundball, 4M)
Bottom of the 2nd over - 0 runs, 0 hits, 0 errors, 0 left on base; Jersey Shore 1 - St. Louis 0
TOP OF THE 3RD
Jersey Shore D-Bags batting - Pitching for St. Louis Browns : LHP José Garza
Batting: RHB Ricardo González 0-0: Ball
1-0: Called Strike
1-1: Fly out, F8 (Flyball, 8RD)
Batting: RHB Mike Ingram 0-0: Called Strike
0-1: Ball
1-1: SINGLE (Flyball, 9S)
Batting: RHB Miguel Serna 0-0: Ball
1-0: Fly out, F8 (Flyball, 8RD)
Batting: LHB Dave Dodd 0-0: Ball
1-0: Ball
2-0: Ball
3-0: Called Strike
3-1: Called Strike
3-2: Fly out, F6 (Line Drive, 6M)
Top of the 3rd over - 0 runs, 1 hit, 0 errors, 1 left on base; Jersey Shore 1 - St. Louis 0
BOTTOM OF THE 3RD
St. Louis Browns batting - Pitching for Jersey Shore D-Bags : RHP Alex Stanford
Batting: LHB Junior Coates 0-0: Ball
1-0: SINGLE (Groundball, 34D)
Batting: RHB Domingo Romero 0-0: 2-RUN HOME RUN (Line Drive, 7D), Distance : 383 ft
Batting: RHB José Flores 0-0: Ball
1-0: Ball
2-0: Called Strike
2-1: Called Strike
2-2: Ball
3-2: Ground out 3-1 (Groundball, 34)
Batting: RHB Javier Martínez 0-0: Ball
1-0: Foul Ball, location: 2F
1-1: Foul Ball, location: 2F
1-2: Foul Ball, location: 2F
1-2: Foul Ball, location: 2F
1-2: Foul Ball, location: 2F
1-2: Ball
2-2: Ball
3-2: SINGLE (Line Drive, 89S)
Batting: RHB Pepe Carrasco 0-0: Ball
Javier Martínez steals 2nd base
1-0: Foul Ball, location: 2F
1-1: Fly out, F9 (Flyball, 9S)
Batting: LHB Mike Hill 0-0: Foul Ball, location: 2F
0-1: Ball
1-1: Ball
2-1: Called Strike
2-2: Ball
3-2: Base on Balls
Batting: RHB Carlos Alfaro 0-0: Called Strike
0-1: Called Strike
0-2: SINGLE (Groundball, 56D)
Javier Martínez to third
Mike Hill to second
Runner from 3rd tries for Home, SAFE, no throw
Batting: LHB Norberto Muñóz 0-0: Called Strike
0-1: Ball
1-1: Fielders Choice at 2nd, 5-4 (Groundball, 56)
Bottom of the 3rd over - 3 runs, 4 hits, 0 errors, 2 left on base; Jersey Shore 1 - St. Louis 3
TOP OF THE 4TH
Jersey Shore D-Bags batting - Pitching for St. Louis Browns : LHP José Garza
Batting: RHB Ben Morton 0-0: Ball
1-0: Foul Ball, location: 2F
1-1: Foul Ball, location: 2F
1-2: Fly out, F8 (Flyball, 8LD)
Batting: LHB António Cedeño 0-0: Ball
1-0: Called Strike
1-1: Foul Ball, location: 2F
1-2: SOLO HOME RUN (Flyball, 9D), Distance : 420 ft
Batting: RHB Francisco Sandoval 0-0: Ball
1-0: SINGLE (Groundball, 4MD)
Batting: LHB Juan Hernández 0-0: Called Strike
0-1: Foul Ball, location: 2F
0-2: Fly out, F9 (Flyball, 9LD)
Batting: LHB José Delgado 0-0: Swinging Strike
0-1: Foul Ball, location: 2F
0-2: Foul Ball, location: 2F
0-2: Strikes out swinging, 2-3 out at first.
Top of the 4th over - 1 run, 2 hits, 0 errors, 1 left on base; Jersey Shore 2 - St. Louis 3
BOTTOM OF THE 4TH
St. Louis Browns batting - Pitching for Jersey Shore D-Bags : RHP Alex Stanford
Batting: SHB Víctor Serrano 0-0: Foul Ball, location: 2F
0-1: Swinging Strike
0-2: Ball
1-2: Ball
2-2: Ground out 4-3 (Groundball, 4S)
Batting: LHB Junior Coates 0-0: Ball
1-0: Foul Ball, location: 2F
1-1: Swinging Strike
1-2: Ground out 5-3 (Groundball, 5L)
Batting: RHB Domingo Romero 0-0: Swinging Strike
0-1: Ball
1-1: Fly out, F9 (Flyball, 9)
Bottom of the 4th over - 0 runs, 0 hits, 0 errors, 0 left on base; Jersey Shore 2 - St. Louis 3
TOP OF THE 5TH
Jersey Shore D-Bags batting - Pitching for St. Louis Browns : LHP José Garza
Batting: RHB Ricardo González 0-0: Swinging Strike
0-1: Ball
1-1: Ball
2-1: Ball
3-1: Foul Ball, location: 2F
3-2: Base on Balls
Batting: RHB Mike Ingram 0-0: Ball
Ricardo González steals 2nd base
1-0: Called Strike
1-1: Called Strike
1-2: DOUBLE (Flyball, 8LXD)
Ricardo González scores
Pinch Runner at 2nd Ray Bryant:
Batting: RHB Miguel Serna 0-0: Ball
1-0: Ball
2-0: Ball
3-0: Called Strike
3-1: Foul Ball, location: 2F
3-2: 2-RUN HOME RUN (Line Drive, 7LD), Distance : 338 ft
Batting: LHB Dave Dodd 0-0: Ball
1-0: Fly out, F2 (Popup, 25F)
Batting: RHB Ben Morton 0-0: Foul Ball, location: 2F
0-1: Swinging Strike
0-2: Strikes out looking
Batting: LHB António Cedeño 0-0: Foul Ball, location: 2F
0-1: Ground out U3 (Groundball, 3)
Top of the 5th over - 3 runs, 2 hits, 0 errors, 0 left on base; Jersey Shore 5 - St. Louis 3
BOTTOM OF THE 5TH
St. Louis Browns batting - Pitching for Jersey Shore D-Bags : RHP Alex Stanford
Now in RF: Ray Bryant
Batting: RHB José Flores 0-0: Ball
1-0: Fly out, F7 (Flyball, 7LS)
Batting: RHB Javier Martínez 0-0: Swinging Strike
0-1: Foul Ball, location: 2F
0-2: Hit by Pitch
Batting: RHB Pepe Carrasco 0-0: Ball
1-0: Ball
2-0: Foul Ball, location: 2F
2-1: Swinging Strike
2-2: Ball
Javier Martínez steals 2nd base
3-2: Foul Ball, location: 2F
3-2: Ground out 4-3 (Groundball, 4)
Javier Martínez to third
Batting: LHB Mike Hill 0-0: Called Strike
0-1: Called Strike
0-2: Ball
1-2: Foul Ball, location: 2F
1-2: Fly out, F9 (Flyball, 9D)
Bottom of the 5th over - 0 runs, 0 hits, 0 errors, 1 left on base; Jersey Shore 5 - St. Louis 3
TOP OF THE 6TH
Jersey Shore D-Bags batting - Pitching for St. Louis Browns : LHP José Garza
Batting: RHB Francisco Sandoval 0-0: Ball
1-0: Ground out 6-3 (Groundball, 6)
Batting: LHB Juan Hernández 0-0: Ball
1-0: Ball
2-0: SINGLE (Groundball, 4D)
Batting: LHB José Delgado 0-0: Ball
1-0: Swinging Strike
1-1: Foul Ball, location: 2F
1-2: Strikes out swinging
Batting: RHB Ricardo González 0-0: Called Strike
Juan Hernández steals 2nd base
0-1: Ball
1-1: SINGLE (Flyball, 7LS)
Juan Hernández to third
Runner from 3rd tries for Home, SAFE, no throw
Pitching: RHP Martín Ortíz
Batting: LHB Ray Bryant 0-0: Foul Ball, location: 2F
0-1: DOUBLE (Flyball, 78XD)
Ricardo González to third
Runner from 3rd tries for Home, SAFE, no throw
Batting: RHB Miguel Serna 0-0: Ball
1-0: Called Strike
1-1: Ball
2-1: Called Strike
2-2: Ground out 5-3 (Groundball, 56)
Top of the 6th over - 2 runs, 3 hits, 0 errors, 1 left on base; Jersey Shore 7 - St. Louis 3
BOTTOM OF THE 6TH
St. Louis Browns batting - Pitching for Jersey Shore D-Bags : RHP Alex Stanford
Batting: RHB Carlos Alfaro 0-0: Ball
1-0: Called Strike
1-1: Called Strike
1-2: Fly out, F8 (Flyball, 8LM)
Batting: LHB Norberto Muñóz 0-0: SINGLE (Groundball, 6D)
Batting: SHB Víctor Serrano 0-0: Foul Ball, location: 2F
0-1: Foul Ball, location: 2F
0-2: Fly out, F8 (Flyball, 78D)
Batting: LHB Junior Coates 0-0: Called Strike
0-1: Ball
1-1: Swinging Strike
1-2: Foul Ball, location: 2F
1-2: Foul Ball, location: 2F
1-2: SINGLE (Line Drive, 89M)
Norberto Muñóz to second
Batting: RHB Domingo Romero 0-0: Ground out 6-3 (Groundball, 56)
Bottom of the 6th over - 0 runs, 2 hits, 0 errors, 2 left on base; Jersey Shore 7 - St. Louis 3
TOP OF THE 7TH
Jersey Shore D-Bags batting - Pitching for St. Louis Browns : RHP Martín Ortíz
Batting: LHB Dave Dodd 0-0: Ball
1-0: Called Strike
1-1: Foul Ball, location: 2F
1-2: Foul Ball, location: 2F
1-2: Ball
2-2: Foul Ball, location: 2F
2-2: Ground out 4-3 (Groundball, 4)
Batting: RHB Ben Morton 0-0: Ball
1-0: Fly out, F7 (Line Drive, 7D)
Batting: LHB António Cedeño 0-0: Called Strike
0-1: SINGLE (Line Drive, 78S)
Batting: RHB Francisco Sandoval 0-0: Foul Ball, location: 2F
0-1: Ball
1-1: Ball
2-1: Foul Ball, location: 2F
2-2: Ball
3-2: TRIPLE (Flyball, 8RXD)
António Cedeño scores
Batting: LHB Juan Hernández 0-0: Ball
1-0: Called Strike
1-1: Fly out, F8 (Flyball, 8RD)
Top of the 7th over - 1 run, 2 hits, 0 errors, 1 left on base; Jersey Shore 8 - St. Louis 3
BOTTOM OF THE 7TH
St. Louis Browns batting - Pitching for Jersey Shore D-Bags : RHP Alex Stanford
Pitching: RHP Cristóbal Santos
Batting: RHB José Flores 0-0: Fly out, F8 (Flyball, 8LM)
Batting: RHB Javier Martínez 0-0: SINGLE (Groundball, 4MD)
Batting: RHB Pepe Carrasco 0-0: Called Strike
Javier Martínez steals 2nd base
0-1: Ball
1-1: Ball
Javier Martínez steals 3rd base
2-1: Fly out, F8 (Flyball, 8LM)
Runner from 3rd tags up, SCORES, no throw
Batting: LHB Mike Hill 0-0: Fly out, F7 (Flyball, 78M)
Bottom of the 7th over - 1 run, 1 hit, 0 errors, 0 left on base; Jersey Shore 8 - St. Louis 4
TOP OF THE 8TH
Jersey Shore D-Bags batting - Pitching for St. Louis Browns : RHP Martín Ortíz
Batting: LHB José Delgado 0-0: Foul Ball, location: 2F
0-1: Foul Ball, location: 2F
0-2: Ball
1-2: Foul Ball, location: 2F
1-2: Strikes out looking
Batting: RHB Ricardo González 0-0: Ball
1-0: Ground out 4-3 (Groundball, 34)
Batting: LHB Ray Bryant 0-0: Ball
1-0: Fly out, F7 (Flyball, 7S)
Top of the 8th over - 0 runs, 0 hits, 0 errors, 0 left on base; Jersey Shore 8 - St. Louis 4
BOTTOM OF THE 8TH
St. Louis Browns batting - Pitching for Jersey Shore D-Bags : RHP Cristóbal Santos
Batting: RHB Carlos Alfaro 0-0: Foul Ball, location: 2F
0-1: Foul Ball, location: 2F
0-2: Fly out, F8 (Flyball, 8RS)
Batting: LHB Norberto Muñóz 0-0: Ball
1-0: Swinging Strike
1-1: Ball
2-1: SINGLE (Groundball, 34D) (infield hit)
Batting: SHB Víctor Serrano 0-0: Called Strike
0-1: Ball
1-1: Called Strike
1-2: Foul Ball, location: 2F
1-2: Strikes out swinging
Batting: LHB Junior Coates 0-0: Ball
1-0: Swinging Strike
1-1: Foul Ball, location: 2F
1-2: Foul Ball, location: 2F
1-2: Ball
2-2: Ball
3-2: Foul Ball, location: 2F
3-2: Fly out, F9 (Flyball, 9LS)
Bottom of the 8th over - 0 runs, 1 hit, 0 errors, 1 left on base; Jersey Shore 8 - St. Louis 4
TOP OF THE 9TH
Jersey Shore D-Bags batting - Pitching for St. Louis Browns : RHP Martín Ortíz
Pitching: RHP Jorge Pérez
Batting: RHB Miguel Serna 0-0: Ball
1-0: Ball
2-0: Ground out 4-3 (Groundball, 4MD)
Batting: LHB Dave Dodd 0-0: Fly out, F8 (Flyball, 8LXD)
Batting: RHB Ben Morton 0-0: Ground out 4-3 (Groundball, 4)
Top of the 9th over - 0 runs, 0 hits, 0 errors, 0 left on base; Jersey Shore 8 - St. Louis 4
BOTTOM OF THE 9TH
St. Louis Browns batting - Pitching for Jersey Shore D-Bags : RHP Cristóbal Santos
Pitching: RHP John Hall
Batting: RHB Domingo Romero 0-0: Called Strike
0-1: Fly out, F9 (Flyball, 9S)
Batting: RHB José Flores 0-0: Ball
1-0: Foul Ball, location: 2F
1-1: Foul Ball, location: 2F
1-2: Ball
2-2: Ball
3-2: Base on Balls
Batting: RHB Javier Martínez 0-0: Ball
1-0: Foul Ball, location: 2F
1-1: Foul Ball, location: 2F
1-2: Ball
2-2: Strikes out swinging
Batting: RHB Pepe Carrasco 0-0: Ball
1-0: Called Strike
1-1: Foul Ball, location: 2F
1-2: Foul Ball, location: 2F
1-2: Ball
2-2: Strikes out swinging
Bottom of the 9th over - 0 runs, 0 hits, 0 errors, 1 left on base; Jersey Shore 8 - St. Louis 4
Saturday, April 7th, 2018 - OOTP Baseball 18.8 Build 76